| TOP OF THE 1ST |
|
Cincinnati Reds batting - Pitching for Pittsburgh Pirates : RHP Josh Markham
|
|
Pitching: RHP Josh Markham
|
|
|
Batting: LHB Ricky Ayon
|
0-0: Called Strike 0-1: Ball 1-1: Swinging Strike 1-2: Strikes out swinging
|
|
Batting: RHB Willie Lazcano
|
0-0: Called Strike 0-1: Called Strike 0-2: SINGLE (Line Drive, 9LM, EV 90.0 MPH)
|
|
Batting: SHB Jun Tsuda
|
0-0: Ball 1-0: SINGLE (Line Drive, 89S, EV 107.5 MPH) Willie Lazcano to second
|
|
Batting: SHB Dave Barefoot
|
0-0: Called Strike 0-1: Ball 1-1: Ball 2-1: Ball 3-1: Base on Balls Willie Lazcano to third Jun Tsuda to second
|
|
Batting: RHB Steve Castleberry
|
0-0: Called Strike 0-1: Ball 1-1: Ball 2-1: Fly out, F8 (Flyball, 8RXD, EV 84.4 MPH) Runner from 3rd tags up, SCORES, no throw by CF Jun Tsuda to third
|
|
Batting: RHB Joseph Kirchmann
|
0-0: Ball 1-0: Ground out 5-3 (Groundball, 56S, EV 85.0 MPH)
|
| Top of the 1st over - 1 run, 2 hits, 0 errors, 2 left on base; Cincinnati 1 - Pittsburgh 0 |
| BOTTOM OF THE 1ST |
|
Pittsburgh Pirates batting - Pitching for Cincinnati Reds : LHP Ed Chavez
|
|
Pitching: LHP Ed Chavez
|
|
|
Batting: RHB Chiel Palstermans
|
0-0: Ground out 4-3 (Groundball, 4, EV 77.5 MPH)
|
|
Batting: LHB Jordan de Jesus
|
0-0: Called Strike 0-1: Foul Ball, location: 2F 0-2: Ball 1-2: Strikes out looking
|
|
Batting: RHB David Contreras
|
0-0: SOLO HOME RUN (Flyball, 9D, EV 101.2 MPH), Distance : 380 ft
|
|
Batting: LHB Nick Rooney
|
0-0: Ground out 5-3 (Groundball, 56S, EV 75.0 MPH)
|
| Bottom of the 1st over - 1 run, 1 hit, 0 errors, 0 left on base; Cincinnati 1 - Pittsburgh 1 |
| TOP OF THE 2ND |
|
Cincinnati Reds batting - Pitching for Pittsburgh Pirates : RHP Josh Markham
|
|
Batting: RHB Omar Quintana
|
0-0: DOUBLE (Line Drive, 78M, EV 103.8 MPH)
|
|
Batting: LHB Antonio Figueroa
|
0-0: Ball 1-0: Ball 2-0: Foul Ball, location: 2F 2-1: Swinging Strike 2-2: Foul Ball, location: 2F 2-2: Foul Ball, location: 2F 2-2: Strikes out swinging
|
|
Batting: SHB Saulo Maina
|
0-0: Swinging Strike 0-1: Fly out, F8 (Flyball, 78M, EV 94.4 MPH)
|
|
Batting: LHB Ricky Ayon
|
0-0: Called Strike 0-1: Ball 1-1: Ball 2-1: Ball 3-1: Fly out, F7 (Line Drive, 78M, EV 106.9 MPH)
|
| Top of the 2nd over - 0 runs, 1 hit, 0 errors, 1 left on base; Cincinnati 1 - Pittsburgh 1 |
| BOTTOM OF THE 2ND |
|
Pittsburgh Pirates batting - Pitching for Cincinnati Reds : LHP Ed Chavez
|
|
Batting: RHB Jason Moss
|
0-0: Fly out, F3 (Popup, 3SF, EV 83.8 MPH)
|
|
Batting: SHB Brad Day
|
0-0: Swinging Strike 0-1: Ball 1-1: Foul Ball, location: 2F 1-2: Foul Ball, location: 2F 1-2: Fly out, F8 (Flyball, 78D, EV 98.1 MPH)
|
|
Batting: LHB Micah Boshnjaku
|
0-0: Fly out, F8 (Flyball, 8RM, EV 90.0 MPH)
|
| Bottom of the 2nd over - 0 runs, 0 hits, 0 errors, 0 left on base; Cincinnati 1 - Pittsburgh 1 |
| TOP OF THE 3RD |
|
Cincinnati Reds batting - Pitching for Pittsburgh Pirates : RHP Josh Markham
|
|
Batting: RHB Willie Lazcano
|
0-0: Ball 1-0: Called Strike 1-1: Ball 2-1: Called Strike 2-2: Fly out, F7 (Flyball, 78D, EV 78.1 MPH)
|
|
Batting: SHB Jun Tsuda
|
0-0: Ball 1-0: Ball 2-0: Swinging Strike 2-1: Swinging Strike 2-2: Foul Ball, location: 2F 2-2: Foul Ball, location: 2F 2-2: Strikes out swinging
|
|
Batting: SHB Dave Barefoot
|
0-0: Ball 1-0: Called Strike 1-1: Ball 2-1: Swinging Strike 2-2: Ball 3-2: Fly out, F9 (Flyball, 89M, EV 81.2 MPH)
|
| Top of the 3rd over - 0 runs, 0 hits, 0 errors, 0 left on base; Cincinnati 1 - Pittsburgh 1 |
| BOTTOM OF THE 3RD |
|
Pittsburgh Pirates batting - Pitching for Cincinnati Reds : LHP Ed Chavez
|
|
Batting: SHB Jack Andrews
|
0-0: Ball 1-0: Ball 2-0: Ground out 5-3 (Groundball, 56, EV 103.8 MPH)
|
|
Batting: LHB Sammy Roddenberry
|
0-0: Ball 1-0: Ball 2-0: Ball 3-0: Base on Balls
|
|
Batting: RHB Chiel Palstermans
|
0-0: Called Strike 0-1: Ball Sammy Roddenberry steals 2nd base 1-1: Fly out, F5 (Line Drive, 5L, EV 71.9 MPH)
|
|
Batting: LHB Jordan de Jesus
|
0-0: Called Strike 0-1: Ball 1-1: Called Strike 1-2: Ground out 6-3 (Groundball, 6, EV 85.0 MPH)
|
| Bottom of the 3rd over - 0 runs, 0 hits, 0 errors, 1 left on base; Cincinnati 1 - Pittsburgh 1 |
| TOP OF THE 4TH |
|
Cincinnati Reds batting - Pitching for Pittsburgh Pirates : RHP Josh Markham
|
|
Batting: RHB Steve Castleberry
|
0-0: Ball 1-0: Ground out U3 (Groundball, 3S, EV 88.1 MPH)
|
|
Batting: RHB Joseph Kirchmann
|
0-0: Called Strike 0-1: Swinging Strike 0-2: SINGLE (Groundball, 6MS, EV 71.9 MPH) (infield hit)
|
|
Batting: RHB Omar Quintana
|
0-0: Called Strike Joseph Kirchmann steals 2nd base 0-1: Ball 1-1: Ball 2-1: Foul Ball, location: 2F 2-2: Ball 3-2: Base on Balls
|
|
Batting: LHB Antonio Figueroa
|
0-0: Called Strike 0-1: Called Strike 0-2: Foul Ball, location: 2RF, Error on foul ball, E2 0-2: Grounds into double play, 4-6-3 (Groundball, 4, EV 76.2 MPH)
|
| Top of the 4th over - 0 runs, 1 hit, 1 error, 1 left on base; Cincinnati 1 - Pittsburgh 1 |
| BOTTOM OF THE 4TH |
|
Pittsburgh Pirates batting - Pitching for Cincinnati Reds : LHP Ed Chavez
|
|
Batting: RHB David Contreras
|
0-0: Fly out, F8 (Flyball, 8RM, EV 80.6 MPH)
|
|
Batting: LHB Nick Rooney
|
0-0: Ball 1-0: Called Strike 1-1: DOUBLE (Line Drive, 78M, EV 95.6 MPH)
|
|
Batting: RHB Jason Moss
|
0-0: Ball 1-0: Ball 2-0: Foul Ball, location: 2F 2-1: SINGLE (Groundball, 34D, EV 104.4 MPH) Nick Rooney to third
|
|
Batting: SHB Brad Day
|
0-0: Called Strike 0-1: Ball 1-1: Called Strike 1-2: Foul Ball, location: 2F 1-2: Fly out, F9 (Flyball, 9, EV 94.4 MPH)
|
|
Batting: LHB Micah Boshnjaku
|
0-0: Ball 1-0: SINGLE (Groundball, 4MD, EV 97.5 MPH) Nick Rooney scores Jason Moss to second Runner from 2nd tries for 3rd, SAFE, throw by CF made to third
|
|
Batting: SHB Jack Andrews
|
0-0: Ball 1-0: Foul Ball, location: 2F 1-1: Foul Ball, location: 2F 1-2: Ball 2-2: Ground out 2-3 (Groundball, 2L, EV 73.1 MPH)
|
| Bottom of the 4th over - 1 run, 3 hits, 0 errors, 2 left on base; Cincinnati 1 - Pittsburgh 2 |
| TOP OF THE 5TH |
|
Cincinnati Reds batting - Pitching for Pittsburgh Pirates : RHP Josh Markham
|
|
Batting: SHB Saulo Maina
|
0-0: Fly out, F8 (Line Drive, 8RD, EV 90.0 MPH)
|
|
Batting: LHB Ricky Ayon
|
0-0: Ball 1-0: Called Strike 1-1: Ball 2-1: Called Strike 2-2: Strikes out swinging
|
|
Batting: RHB Willie Lazcano
|
0-0: Ball 1-0: Called Strike 1-1: Foul Ball, location: 2F 1-2: Ball 2-2: Foul Ball, location: 2F 2-2: Ground out U3 (Groundball, 3L, EV 95.0 MPH)
|
| Top of the 5th over - 0 runs, 0 hits, 0 errors, 0 left on base; Cincinnati 1 - Pittsburgh 2 |
| BOTTOM OF THE 5TH |
|
Pittsburgh Pirates batting - Pitching for Cincinnati Reds : LHP Ed Chavez
|
|
Batting: LHB Sammy Roddenberry
|
0-0: Fly out, F5 (Popup, 56, EV 63.1 MPH)
|
|
Batting: RHB Chiel Palstermans
|
0-0: Ball 1-0: Foul Ball, location: 2F 1-1: SINGLE (Groundball, 6S, EV 69.4 MPH) (infield hit)
|
|
Batting: LHB Jordan de Jesus
|
0-0: Foul Ball, location: 2F 0-1: Called Strike Chiel Palstermans steals 2nd base 0-2: Foul Ball, location: 2F 0-2: Foul Ball, location: 2F 0-2: Ball 1-2: Fly out, F8 (Flyball, 8RD, EV 88.8 MPH)
|
|
Batting: RHB David Contreras
|
0-0: Intentional Walk
|
|
Batting: LHB Nick Rooney
|
0-0: Swinging Strike 0-1: Called Strike 0-2: Foul Ball, location: 2F 0-2: Strikes out swinging
|
| Bottom of the 5th over - 0 runs, 1 hit, 0 errors, 2 left on base; Cincinnati 1 - Pittsburgh 2 |
| TOP OF THE 6TH |
|
Cincinnati Reds batting - Pitching for Pittsburgh Pirates : RHP Josh Markham
|
|
Batting: SHB Jun Tsuda
|
0-0: Ball 1-0: Ball 2-0: Called Strike 2-1: Foul Ball, location: 2F 2-2: Ball 3-2: Strikes out looking
|
|
Batting: SHB Dave Barefoot
|
0-0: Called Strike 0-1: Ball 1-1: Foul Ball, location: 2F 1-2: Fly out, F7 (Flyball, 7S, EV 83.8 MPH)
|
|
Batting: RHB Steve Castleberry
|
0-0: Called Strike 0-1: Foul Ball, location: 2F 0-2: Ball 1-2: Strikes out looking
|
| Top of the 6th over - 0 runs, 0 hits, 0 errors, 0 left on base; Cincinnati 1 - Pittsburgh 2 |
| BOTTOM OF THE 6TH |
|
Pittsburgh Pirates batting - Pitching for Cincinnati Reds : LHP Ed Chavez
|
|
Batting: RHB Jason Moss
|
0-0: Ball 1-0: Ball 2-0: Foul Ball, location: 2F 2-1: Ground out U3 (Groundball, 13, EV 93.1 MPH)
|
|
Batting: SHB Brad Day
|
0-0: Called Strike 0-1: Ball 1-1: Ball 2-1: Ball 3-1: Swinging Strike 3-2: Base on Balls
|
|
Batting: LHB Micah Boshnjaku
|
0-0: Ground out 4-3 (Groundball, 34S, EV 83.8 MPH) Brad Day to second
|
|
Batting: SHB Jack Andrews
|
0-0: Ball 1-0: Ground out 6-3 (Groundball, 56, EV 81.2 MPH)
|
| Bottom of the 6th over - 0 runs, 0 hits, 0 errors, 1 left on base; Cincinnati 1 - Pittsburgh 2 |
| TOP OF THE 7TH |
|
Cincinnati Reds batting - Pitching for Pittsburgh Pirates : RHP Josh Markham
|
|
Batting: RHB Joseph Kirchmann
|
0-0: Ball 1-0: Ground out 5-3 (Groundball, 56S, EV 81.9 MPH)
|
|
Pitching: LHP Tim Wichman
|
|
|
Batting: RHB Omar Quintana
|
0-0: Ball 1-0: Called Strike 1-1: Foul Ball, location: 2F 1-2: Ball 2-2: Foul Ball, location: 2F 2-2: Foul Ball, location: 2F 2-2: Strikes out swinging
|
|
Batting: RHB Mike Alm
|
0-0: Ball 1-0: DOUBLE (Line Drive, 9LM, EV 100.0 MPH)
|
|
Batting: SHB Saulo Maina
|
0-0: Called Strike 0-1: Ball 1-1: Fly out, F9 (Flyball, 89M, EV 86.9 MPH)
|
| Top of the 7th over - 0 runs, 1 hit, 0 errors, 1 left on base; Cincinnati 1 - Pittsburgh 2 |
| BOTTOM OF THE 7TH |
|
Pittsburgh Pirates batting - Pitching for Cincinnati Reds : LHP Ed Chavez
|
|
Batting: LHB Sammy Roddenberry
|
0-0: SINGLE (Line Drive, 4M, EV 99.4 MPH)
|
|
Batting: RHB Chiel Palstermans
|
0-0: Ball 1-0: Called Strike Sammy Roddenberry steals 2nd base 1-1: Intentional Walk
|
|
Batting: LHB Jordan de Jesus
|
0-0: Ball 1-0: Sac Bunt to 13 - play at first, batter OUT! 1-4 Sammy Roddenberry to third Chiel Palstermans to second
|
|
Batting: RHB David Contreras
|
0-0: Intentional Walk
|
|
Batting: LHB Nick Rooney
|
0-0: Called Strike 0-1: Ball 1-1: Swinging Strike 1-2: SINGLE (Groundball, 6M, EV 93.8 MPH) Sammy Roddenberry scores Chiel Palstermans to third David Contreras to second Runner from 3rd tries for Home, SAFE, throw by CF to home
|
|
Batting: RHB Jason Moss
|
0-0: Ball 1-0: Ball 2-0: Ball 3-0: Base on Balls David Contreras to third Nick Rooney to second
|
|
Batting: SHB Brad Day
|
0-0: Ball 1-0: Ball 2-0: Ball 3-0: Foul Ball, location: 2F 3-1: Called Strike 3-2: Base on Balls David Contreras scores Nick Rooney to third Jason Moss to second
|
|
Pitching: LHP Marco Berrios
|
|
|
Batting: LHB Micah Boshnjaku
|
0-0: Ball 1-0: SINGLE (Groundball, 34, EV 101.9 MPH) Nick Rooney scores Jason Moss to third Brad Day to second
|
|
Batting: SHB Jack Andrews
|
0-0: Foul Ball, location: 2F 0-1: Ball 1-1: Swinging Strike 1-2: Strikes out swinging
|
|
Batting: LHB Sammy Roddenberry
|
0-0: Ball 1-0: Foul Ball, location: 2F 1-1: Ball 2-1: Called Strike 2-2: Strikes out swinging
|
| Bottom of the 7th over - 4 runs, 3 hits, 0 errors, 3 left on base; Cincinnati 1 - Pittsburgh 6 |
| TOP OF THE 8TH |
|
Cincinnati Reds batting - Pitching for Pittsburgh Pirates : LHP Tim Wichman
|
|
Batting: LHB Ricky Ayon
|
0-0: Ball 1-0: SINGLE (Line Drive, 6D, EV 98.8 MPH)
|
|
Batting: RHB Willie Lazcano
|
0-0: Called Strike 0-1: Called Strike 0-2: Ball 1-2: Foul Ball, location: 2F 1-2: Foul Ball, location: 2F 1-2: Ball 2-2: Foul Ball, location: 2F 2-2: Fly out, F9 (Flyball, 89M, EV 91.2 MPH)
|
|
Batting: SHB Jun Tsuda
|
0-0: Swinging Strike 0-1: Swinging Strike 0-2: Ball 1-2: Strikes out swinging
|
|
Batting: SHB Dave Barefoot
|
0-0: Called Strike 0-1: Foul Ball, location: 2F 0-2: Strikes out swinging
|
| Top of the 8th over - 0 runs, 1 hit, 0 errors, 1 left on base; Cincinnati 1 - Pittsburgh 6 |
| BOTTOM OF THE 8TH |
|
Pittsburgh Pirates batting - Pitching for Cincinnati Reds : LHP Marco Berrios
|
|
Batting: RHB Chiel Palstermans
|
0-0: Ball 1-0: Called Strike 1-1: Ball 2-1: Fly out, F5 (Line Drive, 5, EV 65.0 MPH)
|
|
Batting: LHB Jordan de Jesus
|
0-0: Ball 1-0: SINGLE (Line Drive, 7S, EV 96.2 MPH)
|
|
Batting: RHB David Contreras
|
0-0: Ball 1-0: Swinging Strike 1-1: Called Strike 1-2: Ball 2-2: Ball 3-2: Foul Ball, location: 2F 3-2: Foul Ball, location: 2F 3-2: Foul Ball, location: 2F 3-2: Base on Balls Jordan de Jesus to second
|
|
Batting: LHB Nick Rooney
|
0-0: Called Strike 0-1: Foul Ball, location: 2F 0-2: Ball 1-2: Ball 2-2: 3-RUN HOME RUN (Flyball, 9D, EV 105.0 MPH), Distance : 392 ft
|
|
Batting: RHB Jason Moss
|
0-0: Fly out, F7 (Line Drive, 7D, EV 103.1 MPH)
|
|
Batting: SHB Brad Day
|
0-0: Ball 1-0: Ball 2-0: Ball 3-0: Called Strike 3-1: DOUBLE (Line Drive, 78M, EV 90.0 MPH)
|
|
Batting: LHB Micah Boshnjaku
|
0-0: Called Strike 0-1: Ball 1-1: Swinging Strike 1-2: Foul Ball, location: 2F 1-2: Strikes out swinging
|
| Bottom of the 8th over - 3 runs, 3 hits, 0 errors, 1 left on base; Cincinnati 1 - Pittsburgh 9 |
| TOP OF THE 9TH |
|
Cincinnati Reds batting - Pitching for Pittsburgh Pirates : LHP Tim Wichman
|
|
Batting: RHB Steve Castleberry
|
0-0: Called Strike 0-1: Foul Ball, location: 2F 0-2: Ball 1-2: Ball 2-2: Strikes out swinging
|
|
Batting: RHB Joseph Kirchmann
|
0-0: Called Strike 0-1: Ground out 4-3 (Groundball, 4, EV 105.0 MPH)
|
|
Batting: RHB Omar Quintana
|
0-0: Called Strike 0-1: Ball 1-1: Called Strike 1-2: Ball 2-2: Fly out, F9 (Flyball, 89S, EV 86.9 MPH)
|
| Top of the 9th over - 0 runs, 0 hits, 0 errors, 0 left on base; Cincinnati 1 - Pittsburgh 9 |
|